 Dungeon Crawl Stone Soup version 0.23.2-40-g277498a (webtiles) character file.

Game seed: 17355853688192612758

9799 Fang the Fighter (level 11, -7/73 HPs)
             Began as a Gargoyle Berserker on Sept 9, 2019.
             Was a High Priest of Trog.
             Killed by divine providence
             ... invoked by an orc priest
              (12 damage)
             ... on level 11 of the Dungeon on Sept 10, 2019.
             The game lasted 00:16:17 (9328 turns).

Fang the Fighter (Gargoyle Berserker)               Turns: 9328, Time: 00:16:17

Health: -7/73      AC: 30    Str: 24    XL:     11   Next: 52%
Magic:  11/11      EV: 11    Int:  8    God:    Trog [*****.]
Gold:   627        SH:  0    Dex:  9    Spells: 10/10 levels left

rFire    . . .     SeeInvis .   a - +0 war axe
rCold    . . .     Gourm    .   (no shield)
rNeg     + . .     Faith    .   b - +0 plate armour
rPois    ∞         Spirit   .   i - +1 helmet
rElec    +         Reflect  .   (no cloak)
rCorr    .         Harm     .   (no gloves)
MR       .....                  B - +2 pair of boots
Stlth    ..........             (no amulet)
HPRegen  0.22/turn              E - ring of flight
MPRegen  0.12/turn              p - +2 ring of protection

@: berserk cooldown, slowed, studying Dodging, very slow
A: negative energy resistance 1, electricity resistance, unbreathing,
petrification resistance, rot immunity, AC +8
a: Berserk, Trog's Hand, Brothers in Arms, Renounce Religion, Evoke Flight


You were on level 11 of the Dungeon.
You worshipped Trog.
Trog was extremely pleased with you.
You were very hungry.

You visited 2 branches of the dungeon, and saw 12 of its levels.

You collected 627 gold pieces.

Inventory:

Hand Weapons
 a - a +0 war axe (weapon)
Armour
 b - a +0 plate armour (worn)
 i - a +1 helmet (worn)
 B - a +2 pair of boots (worn)
Jewellery
 n - a +3 ring of strength
 p - a +2 ring of protection (right hand)
 E - a ring of flight (left hand)
 F - a +3 ring of dexterity
Wands
 m - a wand of digging (2)
 o - a wand of paralysis (8)
 G - a wand of iceblast (12)
 J - a wand of acid (7)
 K - a wand of random effects (24)
Scrolls
 e - 2 scrolls of magic mapping {unknown}
 f - 22 scrolls of identify {unknown}
 k - 11 scrolls of remove curse {unknown}
 l - a scroll of amnesia {unknown}
 q - a scroll of fog {unknown}
 r - 8 scrolls of teleportation {unknown}
 s - 5 scrolls of immolation {unknown}
 v - 3 scrolls of random uselessness {unknown}
 w - 2 scrolls of enchant armour {unknown}
 y - 2 scrolls of noise {unknown}
 z - 2 scrolls of fear {unknown}
 C - 3 scrolls of enchant weapon {unknown}
 H - a scroll of silence {unknown}
 I - a scroll of vulnerability {unknown}
Potions
 d - 3 potions of curing {unknown}
 g - a potion of flight {unknown}
 h - 4 potions of haste {unknown}
 j - 3 potions of lignification {unknown}
 t - 2 potions of magic {unknown}
 u - 2 potions of might
 x - 6 potions of heal wounds {unknown}
 D - a potion of brilliance {unknown}
Books
 A - a manual of Dodging
Comestibles
 c - 22 rations
 L - 4 chunks of flesh


   Skills:
 + Level 10.3 Fighting
 + Level 8.7 Axes
 + Level 10.0 Armour
 + Level 10.2 Dodging


You had 10 spell levels left.
You didn't know any spells.
Your spell library was empty.

Dungeon Overview and Level Annotations

Branches:
Dungeon (11/15)            Temple (1/1) D:5
   Lair: D:8-11         Orc: D:9-12

Altars:
Cheibriados
Dithmenos
Gozag
Makhleb
Okawaru
Ru
Sif Muna
Trog
Vehumet
Zin

Shops:
D:7 %   D:8 [

Annotations:
D:6 2 transporters, BigShawn's ghost, novice TrFi


Innate Abilities, Weirdness & Mutations

You are resistant to torment.
Your stone body is resilient. (AC +8)
You are immune to poison.
You resist negative energy. (rN+)
You are resistant to electric shocks. (rElec)
You can survive without breathing.
You are immune to petrification.
You are immune to rotting.


Message History

You kill the orc!
Trog accepts your kill.
The orc priest calls down the wrath of Beogh upon you.
Beogh smites you!
* * * LOW HITPOINT WARNING * * *
You closely miss the orc. The orc closely misses you.
The orc barely misses you.
Your plate armour prevents you from hitting the orc.
The orc completely misses you.
You slash the orc!
You kill the orc!
Trog accepts your kill.
The orc priest calls down the wrath of Beogh upon you.
Beogh smites you!
* * * LOW HITPOINT WARNING * * *
You barely miss the orc priest.
The orc priest hits you but does no damage.
The orc priest calls down the wrath of Beogh upon you.
Beogh smites you!
You die...

### ..# #.# #.#
#.# #o# #
#@#####.#
#)##... #)##.#
######))$.#
......))..#
#.##....($#
#.####(#####...
#. #(.[.....#
#. ##<##....


You could see an orc priest.

Vanquished Creatures
  4 two-headed ogres
  Urug (D:10)
  Nergalle (D:10)
  A deep elf mage (D:9)
  A hornet (D:8)
  A hippogriff (D:8)
  3 yaks (D:10)
  2 hungry ghosts
  Menkaure (D:4)
  A water moccasin (D:8)
  A black bear (D:8)
  4 sky beasts
  2 orc warriors
  An ice beast (D:10)
  3 ogres
  A necrophage (D:10)
  9 centaurs
  A big kobold (D:10)
  A crocodile (D:9)
  6 bullfrogs
  A wyvern zombie (D:9)
  3 scorpions
  A killer bee (D:8)
  6 wights
  3 electric eels (D:9)
  6 crimson imps
  A centaur zombie (D:6)
  3 howler monkeys
  A bullfrog zombie (D:8)
  A quasit (D:10)
  4 orc priests
  3 hounds
  A bullfrog skeleton (D:10)
  Ijyb (D:4)
  4 iguanas
  11 orc wizards
  5 worker ants
  A hound zombie (D:3)
  A hound skeleton (D:10)
  A worker ant zombie (D:3)
  3 gnolls (D:7)
  12 adders
  3 shadow imps
  2 oozes (D:1)
  An adder zombie (D:6)
  An adder skeleton (D:9)
  A worm (D:3)
  3 dart slugs
  5 leopard geckos
  38 orcs
  A ball python (D:3)
  3 giant cockroaches
  3 hobgoblins
  16 jackals
  6 quokkas
  6 bats
  7 goblins
  A jackal skeleton (D:3)
  10 kobolds
  A leopard gecko zombie (D:7)
  A quokka zombie (D:8)
  5 rats
232 creatures vanquished.

Vanquished Creatures (others)
  An adder (D:9)
  A leopard gecko (D:9)
  A kobold (D:3)
3 creatures vanquished.

Grand Total: 235 creatures vanquished

Notes
Turn   | Place    | Note
-------+----------+-------------------------------------------
     0 | D:1      | Fang the Gargoyle Berserker began the quest for the Orb.
     0 | D:1      | Reached XP level 1. HP: 14/14 MP: 1/1
    40 | D:1      | Reached XP level 2. HP: 14/19 MP: 2/2
   313 | D:1      | Reached XP level 3. HP: 18/23 MP: 3/3
  1107 | D:2      | Reached ** piety under Trog
  1112 | D:2      | Reached XP level 4. HP: 29/29 MP: 4/4
  1392 | D:3      | Found a sacrificial altar of Ru.
  1626 | D:3      | Found a snail-covered altar of Cheibriados.
  1650 | D:3      | Reached XP level 5. HP: 33/33 MP: 5/5
  1753 | D:3      | Found a bloodstained altar of Trog.
  2281 | D:4      | Noticed Menkaure
  2284 | D:4      | Noticed Ijyb
  2291 | D:4      | Killed Menkaure
  2291 | D:4      | Reached *** piety under Trog
  2291 | D:4      | Reached XP level 6. HP: 23/39 MP: 6/6
  2293 | D:4      | Killed Ijyb
  2624 | D:4      | Found a glowing silver altar of Zin.
  2624 | D:4      | Noticed an angel
  2767 | D:4      | Reached skill level 5 in Fighting
  2767 | D:4      | Reached XP level 7. HP: 14/44 MP: 7/7
  3092 | D:5      | Entered Level 5 of the Dungeon
  3373 | D:5      | Reached skill level 5 in Armour
  3460 | D:5      | HP: 3/66 [ogre/+0 giant spiked club (9)]
  3772 | D:5      | Reached XP level 8. HP: 37/51 MP: 8/8
  3794 | D:5      | Reached skill level 5 in Axes
  3986 | D:5      | Found a staircase to the Ecumenical Temple.
  4099 | Temple   | Entered the Ecumenical Temple
  4248 | D:6      | Found a transporter.
  4261 | D:6      | Reached skill level 5 in Dodging
  4510 | D:6      | Noticed BigShawn's ghost (novice TrFi)
  4514 | D:6      | Identified the +2 great mace of Ciotim {holy, Stlth+}
  4514 | D:6      | Identified the +7 great mace of Baovvuxt {flame, rElec
                  | Str+2 Dex+4}
  4514 | D:6      | Noticed a two-headed ogre
  4533 | D:6      | Found an opulent altar of Gozag.
  4696 | D:6      | Found a deep blue altar of Sif Muna.
  4831 | D:6      | Found a transporter.
  4874 | D:7      | Found an iron altar of Okawaru.
  4933 | D:7      | Reached XP level 9. HP: 57/57 MP: 9/9
  4959 | D:7      | Found a shadowy altar of Dithmenos.
  4962 | D:7      | Found a burning altar of Makhleb.
  5165 | D:7      | Reached **** piety under Trog
  5181 | D:7      | Found a radiant altar of Vehumet.
  5334 | D:7      | Found Bajitule's Food Shoppe.
  5373 | D:8      | Noticed a two-headed ogre
  5381 | D:8      | Killed a two-headed ogre
  5772 | D:8      | Reached XP level 10. HP: 56/64 MP: 10/10
  6132 | D:8      | Found Unnoumua's Armour Boutique.
  6520 | D:9      | Noticed a deep elf mage
  6534 | D:9      | Killed a deep elf mage
  6792 | D:9      | Noticed a two-headed ogre
  6805 | D:9      | Killed a two-headed ogre
  6994 | D:9      | Reached ***** piety under Trog
  7457 | D:10     | Entered Level 10 of the Dungeon
  7457 | D:10     | Noticed Urug
  7471 | D:10     | Killed Urug
  7641 | D:10     | Noticed Nergalle
  7662 | D:10     | Noticed a spectral orc warlord
  7662 | D:10     | Noticed a spectral orc warlord
  7679 | D:10     | Killed Nergalle
  7679 | D:10     | Reached XP level 11. HP: 62/72 MP: 11/11
  7721 | D:10     | Noticed a two-headed ogre
  7739 | D:10     | Killed a two-headed ogre
  7781 | D:10     | Reached skill level 10 in Fighting
  8344 | D:10     | Reached skill level 10 in Dodging
  9201 | D:10     | Noticed a two-headed ogre
  9219 | D:10     | Killed a two-headed ogre
  9289 | D:11     | Received a gift from Trog
  9302 | D:11     | Reached skill level 10 in Armour
  9328 | D:11     | Killed from afar by an orc priest

Skill      XL: |  1  2  3  4  5  6  7  8  9 10 11 |
---------------+----------------------------------+-----
Axes           | 3 4 5 6 8 |  8.7
Dodging        | 2 3 4 6 7 9 10 | 10.2
Armour         | 3 4 5 6 7 9 10 | 10.0
Fighting       | 4 5 7 8 9 10 | 10.3

Action                   |  1- 3 |  4- 6 |  7- 9 | 10-12 || total
-------------------------+-------+-------+-------+-------++-------
Melee: Hand axe          |   107 |    78 |       |       ||   185
       War axe           |       |   127 |   304 |   493 ||   924
Invok: Berserk           |       |     2 |     4 |     7 ||    13
       Trog's Hand       |       |       |       |     1 ||     1
 Abil: Evoke Flight      |       |       |       |     2 ||     2
 Stab: Sleeping          |     1 |       |       |       ||     1
  Eat: Chunk             |     1 |     7 |    15 |    16 ||    39
       Ration            |       |       |       |     3 ||     3
Armor: Animal skin       |    23 |       |       |       ||    23
       Chain mail        |    30 |   183 |   273 |     9 ||   495
       Plate armour      |       |       |       |   433 ||   433
Dodge: Dodged            |    89 |   127 |   228 |   323 ||   767
